 Dungeon Crawl Stone Soup version 0.22-a0-422-g9628fc8 (webtiles) character file.

192 Mgcat the Magician (level 5, -3/28 HPs)
             Began as a Deep Elf Earth Elementalist on May 20, 2018.
             Killed by divine providence
             ... invoked by an orc priest
              (14 damage)
             ... on level 3 of the Dungeon.
             The game lasted 00:06:03 (2355 turns).

Mgcat the Magician (Deep Elf Earth Elementalist)    Turns: 2355, Time: 00:06:04

Health: -3/28      AC:  3    Str:  5    XL:     5   Next: 42%
Magic:  13/14      EV: 13    Int: 21    God:
Gold:   137        SH:  0    Dex: 15    Spells: 5/14 levels left

rFire    . . .     SeeInvis .   a - +0 hand axe (venom)
rCold    . . .     Gourm    .   (no shield)
rNeg     . . .     Faith    .   c - +0 robe
rPois    .         Spirit   .   (no helmet)
rElec    .         Reflect  .   (no cloak)
rCorr    .         Harm     .   (no gloves)
MR       .....                  k - +0 pair of boots
Stlth    ++........             (no amulet)
HPRegen  0.09/turn              (no ring)
MPRegen  0.14/turn              (no ring)

@: no status effects
A: no striking features
a: no special abilities


You were on level 3 of the Dungeon.
You were hungry.

You visited 1 branch of the dungeon, and saw 3 of its levels.

You collected 137 gold pieces.

Inventory:

Hand Weapons
 a - a +0 hand axe of venom (weapon)
   (You found it on level 1 of the Dungeon)
Missiles
 b - 8 stones (quivered)
Armour
 c - a +0 robe (worn)
 k - a +0 pair of boots (worn)
   (You found it on level 1 of the Dungeon)
Jewellery
 o - a cursed ring of loudness {unknown}
   (You found it on level 2 of the Dungeon)
Scrolls
 e - 3 scrolls of enchant weapon {unknown}
 g - 2 scrolls of immolation {unknown}
 h - 3 scrolls of identify {unknown}
 m - 2 scrolls of enchant armour {unknown}
 n - a scroll of remove curse {unknown}
 q - a scroll of amnesia {unknown}
 r - a scroll of fear {unknown}
Potions
 i - a potion of curing {unknown}
 j - 2 potions of lignification {unknown}
 l - a potion of agility {unknown}
 p - 2 potions of ambrosia {unknown}
Comestibles
 d - 4 rations
 f - 2 chunks of flesh {@w0}


   Skills:
 - Level 2.4 Dodging
 + Level 3.5 Stealth
 + Level 5.1 Spellcasting
 + Level 2.2 Conjurations
   Level 1.1 Transmutations
 + Level 4.7 Earth Magic


You had 5 spell levels left.
You knew the following spells:

 Your Spells              Type           Power        Failure   Level  Hunger
a - Sandblast             Erth           ####..       1%          1    None
b - Stone Arrow           Conj/Erth      ###...       8%          3    ##.....
c - Lee's Rapid Deconstr  Erth           ####......   38%         5    #####..

Your spell library contained the following spells:

 Spells                   Type           Power        Failure   Level  Hunger
 Passwall                 Tmut/Erth      ###.......   4%          2    None
 Petrify                  Tmut/Erth      ###.....     32%         4    ####...


Dungeon Overview and Level Annotations

Branches:
Dungeon (3/15)

Altars:
Xom

Annotations:
D:3 Kairos's ghost, amateur VSFi


Message History

The adder closely misses you. The adder bites you.
You completely miss the adder.
The adder is lightly wounded.
The adder barely misses you. The adder misses you. The adder misses you.
You hit the adder but do no damage.
The adder looks even sicker.
The adder is lightly wounded.
The adder bites you but does no damage.
Casting: Sandblast (safe; 1% risk of failure)
Confirm with . or Enter, or press ? or * to list all spells.
Aiming: Sandblast (safe; 1% risk of failure)
Press: ? - help, Shift-Dir - straight line, f - adder
Aim: an adder (heavily wounded, poisoned)
The blast of sand hits the adder.
You kill the adder!
b - 10 stones Kairos's ghost hits you!
Kairos's ghost screams, "Don't try to defend!
You have no chance!"
Kairos's ghost whispers, "The ORB doesn't exist."
Really walk into that teleport trap?
You enter a teleport trap!
The teleport trap disappears.
Your surroundings suddenly seem different.
Found a stone staircase leading down. 2 jackals come into view.
The jackal barks! x2; You hear a shout! x2
A jackal comes into view.
An orc comes into view. It is wielding a dagger.
An orc priest comes into view. It is wielding a flail.
You are feeling hungry.
An orc comes into view. It is wielding a flail.
The jackal bites you. The jackal bites you.
You see here a robe.
You barely miss the jackal.
The jackal bites you but does no damage.
The jackal misses you.
You hit the jackal.
The jackal is heavily wounded.
The jackal bites you but does no damage.
The jackal closely misses you.
You barely miss the jackal.
The jackal is heavily wounded.
The jackal barely misses you. The jackal misses you.
You hit the jackal.
The jackal is poisoned.
The jackal is severely wounded.
The jackal bites you but does no damage.
You barely miss the jackal.
The jackal is severely wounded.
You kill the jackal!
You hit the jackal.
The jackal is poisoned.
The jackal is moderately wounded.
The jackal bites you. The jackal barely misses you.
You closely miss the jackal.
The jackal is almost dead.
You kill the jackal!
The jackal barely misses you.
You closely miss the jackal. The jackal misses you.
The jackal barely misses you.
You barely miss the jackal. The jackal misses you.
The jackal bites you but does no damage.
You hit the jackal.
The jackal is poisoned.
The jackal is heavily wounded.
The jackal bites you but does no damage.
You closely miss the jackal.
The jackal is almost dead.
You kill the jackal!
Casting: Sandblast (safe; 1% risk of failure)
Confirm with . or Enter, or press ? or * to list all spells.
Aiming: Sandblast (safe; 1% risk of failure)
Press: ? - help, Shift-Dir - straight line, f - orc
Aim: an orc, wielding a flail The blast of sand hits the orc.
You kill the orc!
b - 9 stones
Things that are here:
a flail; a jackal corpse
Things that are here:
a flail; a jackal corpse The orc shouts!
Things that are here:
a flail; a jackal corpse
Casting: Sandblast (safe; 1% risk of failure)
Confirm with . or Enter, or press ? or * to list all spells.
Aiming: Sandblast (safe; 1% risk of failure)
Press: ? - help, Shift-Dir - straight line, f - orc
Aim: an orc, wielding a dagger and wearing a leather armour The blast of sand hits the orc.
b - 8 stones The orc priest mumbles some strange prayers to Beogh against you.
Beogh smites you! The orc barely misses you.
You hit the orc but do no damage.
The orc is poisoned.
An orc comes into view.
The orc hits you with a dagger.
You hit the orc but do no damage.
The orc is lightly wounded.
The orc priest invokes the aid of Beogh against you.
Beogh smites you!
Ouch! That really hurt!
You die...

### #.############
#............#
########..#########.#######
...........oo@)...........#
######...o#########.#####.#
#......# #.#####.# ##..##h#
#.......#
#....#.#######.......#
......................#
###.o#.##h###.##.#.###.#
................#.# #.#
##......##.#..###.###.###


You could see an orc priest and 2 orcs.

Vanquished Creatures
  A sky beast (D:3)
  3 adders
  2 oozes (D:1)
  3 dart slugs
  A leopard gecko (D:3)
  4 orcs (D:3)
  7 bats
  3 giant cockroaches
  4 goblins
  5 hobgoblins
  3 jackals (D:3)
  3 frilled lizards
  7 kobolds
  6 rats (D:1)
52 creatures vanquished.

Notes
Turn   | Place    | Note
-------+----------+-------------------------------------------
     0 | D:1      | Mgcat the Deep Elf Earth Elementalist began the quest for the Orb.
     0 | D:1      | Reached XP level 1. HP: 10/10 MP: 6/6
   249 | D:1      | Reached XP level 2. HP: 6/15 MP: 6/8
   657 | D:1      | Reached skill level 4 in Spellcasting
   683 | D:1      | Found a shimmering altar of Xom.
   738 | D:1      | Reached skill level 4 in Earth Magic
   863 | D:1      | Reached XP level 3. HP: 19/19 MP: 10/10
   868 | D:1      | Learned a level 3 spell: Stone Arrow
  1574 | D:2      | Reached skill level 1 in Conjurations
  1905 | D:3      | Reached XP level 4. HP: 24/24 MP: 8/12
  2125 | D:3      | Noticed a sky beast
  2135 | D:3      | Killed a sky beast
  2135 | D:3      | Reached skill level 3 in Stealth
  2135 | D:3      | Reached skill level 5 in Spellcasting
  2135 | D:3      | Reached skill level 2 in Conjurations
  2135 | D:3      | Reached XP level 5. HP: 20/28 MP: 5/14
  2142 | D:3      | Learned a level 5 spell: Lee's Rapid Deconstruction
  2220 | D:3      | Noticed Kairos's ghost (amateur VSFi)
  2355 | D:3      | Killed from afar by an orc priest

Vault maps used:
D:1:      sevenhm_arrival_forest_fort_large_4, xom_teletrap_fun
D:3:      lemuel_crystal_altar, chequers_ecumenical_altar_simple, serial_glass,
          glass_columns_a, glass_columns_c, lemuel_old_faithful

Skill      XL: |  1  2  3  4 |
---------------+-------------+-----
Spellcasting   | 4 5 |  5.1
Earth Magic    | 4 |  4.7
Conjurations   | 1 2 |  2.2
Stealth        | 3 |  3.5
Dodging        | |  2.4
Transmutations | |  1.1

Action                   |  1- 3 |  4- 6 || total
-------------------------+-------+-------++-------
Melee: Hand axe          |    96 |    25 ||   121
 Cast: Sandblast         |     8 |    14 ||    22
 Stab: Sleeping          |     2 |     2 ||     4
  Eat: Chunk             |     3 |     1 ||     4
Armor: Robe              |    26 |     7 ||    33
Dodge: Dodged            |    90 |    24 ||   114

Table legend:
 A = Spawn XP
 B = Non-spawn XP
 C = Spawn XP percentage of total XP
 D = Spawn monster count
 E = Non-spawn monster count
 F = Spawn count percentage of total count
 G = Total turns spent on level
                    A         B        C        D         E        F      G
               +---------+---------+-------+---------+---------+-------+---------
         Total |       0 |     275 |   0.0 |       0 |      52 |   0.0 |  2355
               +---------+---------+-------+---------+---------+-------+---------
           D:1 |       0 |      51 |   0.0 |       0 |      24 |   0.0 |  1228
           D:2 |       0 |      37 |   0.0 |       0 |      15 |   0.0 |   661
           D:3 |       0 |     187 |   0.0 |       0 |      13 |   0.0 |   466
               +---------+---------+-------+---------+---------+-------+---------

Vault maps used:
D:1:      sevenhm_arrival_forest_fort_large_4, xom_teletrap_fun
D:3:      lemuel_crystal_altar, chequers_ecumenical_altar_simple, serial_glass,
          glass_columns_a, glass_columns_c, lemuel_old_faithful

Table legend:
 A = Turns spent in this place as a percentage of turns spent in the entire game.
 B = Non-inter-level travel turns spent in this place as a percentage of non-inter-level travel turns spent in the entire game.
 C = Inter-level travel turns spent in this place as a percentage of turns spent in this place.
 D = Turns resting spent in this place as a percentage of non-inter-level travel turns spent in this place.
 E = Turns spent auto-exploring this place as a percentage of non-inter-level travel turns spent in this place.
 F = Non-inter-level travel turns spent in this place divided by the number of levels of this place that you've seen.
                   A       B       C       D       E      F
               +-------+-------+-------+-------+-------+----------------------
         Total | 100.0 | 100.0 |   4.3 |   0.0 |  79.6 | 751.3
       Dungeon | 100.0 | 100.0 |   4.3 |   0.0 |  79.6 | 751.3
               +-------+-------+-------+-------+-------+----------------------

Table legend:
 A = Kills in this place as a percentage of kills in entire the game.
 B = Kills by you in this place as a percentage of kills by you in the entire game.
 C = Kills by friends in this place as a percentage of kills by friends in the entire game.
 D = Other kills in this place as a percentage of other kills in the entire game.
 E = Experience gained in this place as a percentage of experience gained in the entire game.
 F = Experience gained in this place divided by the number of levels of this place that you have seen.
                   A       B       C       D       E      F
               +-------+-------+-------+-------+-------+----------------------
         Total | 100.0 | 100.0 |   N/A |   N/A | 100.0 |  91.7
       Dungeon | 100.0 | 100.0 |   N/A |   N/A | 100.0 |  91.7
               +-------+-------+-------+-------+-------+----------------------
